 Dungeon Crawl Stone Soup version 0.18.1-48-g4cf74bf (webtiles) character file.

66 littlebloke the Conjurer (level 4, 0/30 HPs)
             Began as a Human Conjurer on June 25, 2016.
             Slain by an adder (1 damage)
             ... on level 2 of the Dungeon.
             The game lasted 00:20:00 (1767 turns).

littlebloke the Conjurer (Human Conjurer)           Turns: 1767, Time: 00:20:01

Health: 0/30       AC:  3    Str:  8    XL:     4   Next: 37%
Magic:  0/7        EV: 12    Int: 16    God:
Gold:   83         SH:  0    Dex: 14    Spells: 1 memorised, 6 levels left

rFire  x . .     SeeInvis .     (no weapon)
rCold  + . .     Gourm    .     a - +0 robe
rNeg   . . .     Faith    .     (no shield)
rPois  .         Spirit   .     (no helmet)
rElec  .         Dismiss  .     (no cloak)
rCorr  .         Reflect  .     (no gloves)
SustAt .         Harm     .     (no boots)
MR     .....                    (no amulet)
Stlth  ++........               (no ring)
                                e - ring of ice

@: lethally poisoned (0 -> -9), not resistant to hostile enchantments,
unstealthy
A: talons 1, molten scales 1, deterioration 1
a: no special abilities


You were on level 2 of the Dungeon.
You were not hungry.

You visited 1 branch of the dungeon, and saw 2 of its levels.

You collected 83 gold pieces.

Inventory:

Hand Weapons
 d - a +0 whip
 g - a cursed +0 club
 i - a +0 spear
 l - a +0 club
 m - a +0 club
Missiles
 f - 24 poisoned needles
 k - 20 arrows
Armour
 a - a +0 robe (worn)
 j - a +0 ring mail
Jewellery
 e - a ring of ice (left hand)
Books
 b - a book of Conjurations

   Spells                             Type                      Level
   a - Magic Dart                     Conjuration                  1
   b - Searing Ray                    Conjuration                  2
   c - Dazzling Spray                 Conjuration/Hexes            3
   d - Fulminant Prism                Conjuration/Hexes            4
   e - Iskenderun's Mystic Blast      Conjuration                  4
   f - Iskenderun's Battlesphere      Conjuration/Charms           5
Comestibles
 n - a royal jelly


   Skills:
 + Level 0.2 Fighting
 + Level 2.3 Dodging
 + Level 2.0 Stealth
 + Level 2.3 Spellcasting
 * Level 5.1 Conjurations


You had 6 spell levels left.
You knew the following spells:

 Your Spells              Type           Power        Failure   Level  Hunger
a - Magic Dart            Conj           ###.         2%          1    #......


Dungeon Overview and Level Annotations

Branches:
Dungeon (2/15)

Altars:


Innate Abilities, Weirdness & Mutations

You have sharp toenails.
You are partially covered in molten scales (AC +1).
Your body sometimes deteriorates upon taking damage.


Message History

There is an open door here.
* * * LOW HITPOINT WARNING * * *
You feel sick. The adder barely misses you.
* * * LOW HITPOINT WARNING * * *
You feel sick.
There is an open door here.
* * * LOW HITPOINT WARNING * * *
You feel sick.
Your magical contamination has completely faded away.
Casting: Magic Dart
Confirm with . or Enter, or press ? or * to list all spells.
Aiming: Magic Dart
Press: ? - help, Shift-Dir - straight line, f/p - adder
Aim: an adder (severely wounded)
The magic dart hits the adder.
The adder is almost dead.
* * * LOW HITPOINT WARNING * * *
You feel sick. The adder bites you.
You die...

#############
######>..........#
#................#
#................#
#................#
#.....@...#####..#
######S#'## #.##'##
#.#.####.#...#
#.#......#...#
###'######.#...##
#.......##.#....#
#.......##.#....####
#...................
#.......##.#.....###


You could see an adder.

Vanquished Creatures
  3 adders (D:2)
  A worm (D:2)
  A dart slug (D:2)
  A giant gecko (D:2)
  A ball python (D:1)
  3 goblins
  6 hobgoblins
  2 jackals (D:1)
  2 kobolds (D:1)
  5 bats
  2 giant newts
  6 rats
33 creatures vanquished.

Notes
Turn   | Place    | Note
--------------------------------------------------------------
     0 | D:1      | littlebloke the Human Conjurer began the quest for the Orb.
     0 | D:1      | Reached XP level 1. HP: 13/13 MP: 3/3
   711 | D:1      | Reached XP level 2. HP: 19/19 MP: 3/5
  1151 | D:1      | Reached XP level 3. HP: 24/24 MP: 1/6
  1405 | D:2      | Gained mutation: You are partially covered in molten scales (AC +1). [potion of mutation]
  1405 | D:2      | Gained mutation: Your body sometimes deteriorates upon taking damage. [potion of mutation]
  1405 | D:2      | Gained mutation: You have sharp toenails. [potion of mutation]
  1475 | D:2      | Reached XP level 4. HP: 29/30 MP: 1/7
  1514 | D:2      | Reached skill level 5 in Conjurations
  1767 | D:2      | HP: 1/30 [poisoned by an adder]
  1767 | D:2      | Slain by an adder

Skill      XL: |  1  2  3  4 |
---------------+-------------+-----
Conjurations   | 5 |  5.1
Fighting       | |  0.2
Dodging        | |  2.3
Stealth        | |  2.0
Spellcasting   | |  2.3

Action                   |  1- 3 |  4- 6 || total
-------------------------+-------+-------++-------
Melee: Unarmed           |     6 |     1 ||     7
 Cast: Magic Dart        |    59 |    24 ||    83
  Use: Scroll            |     2 |     1 ||     3
       Potion            |     1 |       ||     1
  Eat: Bread ration      |     1 |       ||     1
Armor: Robe              |     8 |     5 ||    13
Dodge: Dodged            |    36 |    23 ||    59
